[Event "11th LCC Rapid 2019"]
[Site "London"]
[Date "2019.12.07"]
[Round "4.29"]
[White "Rosario, Paulo Rbd"]
[Black "Sandhu, Manvith"]
[Result "1-0"]
[WhiteElo "1767"]
[BlackElo "1673"]
[PlyCount "103"]
[EventDate "2019.12.08"]
[EventType "swiss"]
[EventCountry "ENG"]
[TimeControl "15+10"]
[WhiteClock "0:00:11"]
[BlackClock "0:01:04"]

1. d4 d5 2. c4 c6 3. Nf3 Nf6 4. Nc3 e6 5. Bg5 h6 6. Bh4 dxc4 7. e4 g5 8. Bg3 b5 9. e5 Nd5 10. Nd2 Bb4 11. Nde4 Nd7 12. a3 Be7 13. Be2 Bb7 14. O-O a6 15. Bh5 Nf8 16. f4 Ne3 17. Bxf7+ Kxf7 18. Qh5+ Kg7 19. Rf3 Nf5 20. Bf2 Qe8 21. Qh3 Qg6 22. g4 Nh4 23. f5 Nxf3+ 24. Qxf3 Qf7 25. f6+ Kg8 26. Qe2 Bd8 27. Nd6 Qd7 28. Qe4 Rb8 29. f7+ Kg7 30. Rf1 c5 31. d5 exd5 32. Nxd5 Bxd5 33. Qxd5 Qxg4+ 34. Kh1 Qe6 35. Qxc5 Be7 36. Bd4 Bxd6 37. exd6+ Kh7 38. Bxh8 Qe4+ 39. Kg1 Kxh8 40. Qc7 Qg4+ 41. Kh1 Qc8 42. Qe7 Qb7+ 43. Kg1 Qb6+ 44. Kh1 Qc6+ 45. Kg1 Qc5+ 46. Rf2 Qd4 47. d7 Qd1+ 48. Kg2 Qg4+ 49. Kh1 Qe6 50. Qxe6 Nxe6 51. Re2 Nf8 52. Re8 1-0

[Event "11th LCC Rapid 2019"]
[Site "London"]
[Date "2019.12.07"]
[Round "6.1"]
[White "Gordon, Stephen J"]
[Black "Haydon, David L"]
[Result "1-0"]
[WhiteElo "2495"]
[BlackElo "2294"]
[PlyCount "121"]
[EventDate "2019.12.08"]
[EventType "swiss"]
[EventCountry "ENG"]
[TimeControl "15+10"]
[WhiteClock "0:00:36"]
[BlackClock "0:00:38"]

1. c4 c6 2. Nf3 Nf6 3. Nc3 d5 4. d4 e6 5. Bg5 Nbd7 6. e3 Be7 7. Bd3 a5 8. O-O O-O 9. Qc2 h6 10. Bh4 b6 11. cxd5 exd5 12. e4 dxe4 13. Nxe4 Bb7 14. Rfe1 Nxe4 15. Bxe7 Qxe7 16. Bxe4 Qd6 17. Ne5 Nf6 18. Bf3 Rac8 19. Rad1 Qc7 20. Qb3 Rfd8 21. Rc1 Rd6 22. Nc4 Rxd4 23. Qxb6 Qxb6 24. Nxb6 Rb4 25. Nxc8 Bxc8 26. Rxc6 Be6 27. b3 a4 28. Rc3 axb3 29. axb3 Rxb3 30. Rxb3 Bxb3 31. h4 g6 32. g3 Be6 33. Bc6 Kg7 34. Re5 Ng4 35. Rc5 Nf6 36. Kg2 Kf8 37. Kf3 Bg4+ 38. Kf4 Be6 39. Bb5 Ke7 40. Rc1 g5+ 41. hxg5 hxg5+ 42. Kf3 Bd5+ 43. Ke3 Ng4+ 44. Kd4 Be6 45. Rc2 Kf6 46. Bf1 Ne5 47. Bg2 Ng6 48. Rc5 Ne7 49. Be4 Ba2 50. Ra5 Be6 51. Ra6 Kg7 52. Ke5 Bb3 53. Ra7 Ng8 54. Bd5 Bxd5 55. Kxd5 Nf6+ 56. Ke5 Ng4+ 57. Kf5 Nxf2 58. Rd7 Nh1 59. Rd3 g4 60. Kf4 Nf2 61. Rd2 1-0

[Event "11th LCC Rapid 2019"]
[Site "London"]
[Date "2019.12.07"]
[Round "6.2"]
[White "Hebden, Mark L"]
[Black "Johnson, Daniel"]
[Result "1/2-1/2"]
[WhiteElo "2433"]
[BlackElo "2144"]
[Annotator "RC"]
[PlyCount "171"]
[EventDate "2019.12.08"]
[EventType "swiss"]
[EventCountry "ENG"]
[TimeControl "15+10"]
[WhiteClock "0:02:45"]
[BlackClock "0:06:04"]

1. d4 Nf6 2. Nc3 d5 3. Bf4 c5 4. e3 e6 5. Nb5 Na6 6. c3 Be7 7. a4 O-O 8. h3 Bd7 9. Nf3 c4 10. Be2 Bxb5 11. axb5 Nc7 12. Qa4 a6 13. b6 Nb5 14. Qa5 Nd7 15. e4 Qxb6 16. exd5 Qxa5 17. Rxa5 exd5 18. Kd2 Nf6 19. Rha1 Rac8 20. Ke1 Rfe8 21. Kf1 Bd8 22. R5a2 Bc7 23. Bxc7 Rxc7 24. Ne5 Nd7 25. f4 f6 26. Ng4 Nd6 27. Bf3 Ne4 28. Bxe4 Rxe4 29. g3 Nb6 30. Re1 Rce7 31. Rxe4 Rxe4 32. Ra5 h5 33. Nf2 Re3 34. g4 hxg4 35. hxg4 Kf7 36. Rc5 Re7 37. Nd1 Ke6 38. Ne3 g6 39. Kf2 f5 40. gxf5+ gxf5 41. Ra5 Rh7 42. Ra1 Rh2+ 43. Ng2 Nd7 44. Re1+ Kd6 45. Kg3 Rh5 46. Nh4 a5 47. Nf3 Nf6 48. Re5 Ne4+ 49. Kg2 b5 50. Re8 b4 51. Rd8+ Ke6 52. Re8+ Kd6 53. Rd8+ Ke6 54. Re8+ Kd6 55. cxb4 axb4 56. Rb8 c3 57. bxc3 bxc3 58. Rc8 Rh7 59. Ne5 Rc7 60. Rd8+ Ke7 61. Rxd5 c2 62. Nd3 c1=Q 63. Nxc1 Rxc1 64. Rxf5 Nf6 65. Re5+ Kd6 66. f5 Rd1 67. Re6+ Kd7 68. Rxf6 Rxd4 69. Kf3 Ke7 70. Rg6 Kf7 71. Rg4 Rxg4 72. Kxg4 Kf6 73. Kf4 Kf7 74. Ke4 Kf6 75. Kf4 Kf7 76. Ke5 Ke7 77. Ke4 Kf6 78. Kf4 Kf7 79. Kg5 Kg7 80. f6+ Kf7 81. Kf5 Kf8 82. Ke5 Kf7 83. Kf5 Kf8 84. Kg6 Kg8 85. f7+ Kf8 86. Kf6 1/2-1/2

[Event "11th LCC Rapid 2019"]
[Site "London"]
[Date "2019.12.07"]
[Round "6.4"]
[White "Harvey, Marcus R"]
[Black "Royal, Shreyas"]
[Result "1-0"]
[WhiteElo "2412"]
[BlackElo "1941"]
[PlyCount "121"]
[EventDate "2019.12.08"]
[EventType "swiss"]
[EventCountry "ENG"]
[TimeControl "15+10"]
[WhiteClock "0:11:00"]
[BlackClock "0:19:33"]

1. Nf3 d5 2. b3 Nf6 3. Bb2 e6 4. e3 Be7 5. Be2 O-O 6. O-O b6 7. c4 dxc4 8. Bxc4 Bb7 9. d4 Nbd7 10. a3 c5 11. dxc5 Nxc5 12. b4 Qxd1 13. Rxd1 Na4 14. Bd4 a6 15. Bb3 b5 16. Bxa4 bxa4 17. Nc3 a5 18. b5 Bd5 19. Bxf6 Bxf6 20. Nxd5 exd5 21. Rab1 Rfd8 22. Nd4 Rd6 23. Nc6 Kf8 24. e4 Be7 25. exd5 Rd7 26. b6 Rb7 27. d6 Bd8 28. d7 Rxb6 29. Rxb6 Bxb6 30. d8=Q+ Bxd8 31. Nxd8 Rc8 32. Nb7 Rc3 33. Nxa5 Rxa3 34. Rd8+ Ke7 35. Nc6+ Ke6 36. g3 Ra1+ 37. Kg2 a3 38. Ra8 Kd5 39. Nb4+ Kc4 40. Nc2 Ra2 41. Nxa3+ Kb4 42. Ra7 Rxa3 43. Rxf7 g5 44. Rxh7 Kc4 45. h4 gxh4 46. Rxh4+ Kd5 47. Rb4 Ke5 48. g4 Kf6 49. f3 Kg5 50. Kg3 Ra1 51. Rb5+ Kg6 52. Rb6+ Kg7 53. g5 Ra4 54. f4 Ra1 55. Kg4 Ra5 56. Rb7+ Kg8 57. g6 Ra8 58. Kg5 Rc8 59. f5 Rc1 60. Rb8+ Kg7 61. f6# 1-0

[Event "11th LCC Rapid 2019"]
[Site "London"]
[Date "2019.12.07"]
[Round "6.5"]
[White "Willow, Jonah B"]
[Black "Walker, Samuel A"]
[Result "1-0"]
[WhiteElo "2355"]
[BlackElo "2039"]
[PlyCount "83"]
[EventDate "2019.12.08"]
[EventType "swiss"]
[EventCountry "ENG"]
[TimeControl "15+10"]
[WhiteClock "0:04:22"]
[BlackClock "0:03:30"]

1. e4 c5 2. Nf3 g6 3. d4 cxd4 4. Nxd4 Nc6 5. c4 Nf6 6. Nc3 Nxd4 7. Qxd4 d6 8. f3 Bg7 9. Be3 O-O 10. Qd2 a5 11. b3 a4 12. b4 Be6 13. Rc1 Nd7 14. Be2 Ne5 15. Nb5 Qd7 16. Na3 f5 17. exf5 Rxf5 18. O-O Rff8 19. Rfd1 Rfc8 20. f4 Nf7 21. Bf3 Nh6 22. Bf2 Rd8 23. Re1 Bf7 24. Bd4 e5 25. Bb2 Qf5 26. Nb5 Qxf4 27. Qxf4 exf4 28. Bxg7 Kxg7 29. Bxb7 Rab8 30. Re7 Nf5 31. Rc7 Kf6 32. Nc3 Bg8 33. Nxa4 Ne3 34. Nb6 Be6 35. a4 d5 36. cxd5 Nxd5 37. Nxd5+ Bxd5 38. Bxd5 Rxd5 39. b5 Rd2 40. R1c2 Rbd8 41. Rxd2 Rxd2 42. b6 1-0

[Event "11th LCC Rapid 2019"]
[Site "London"]
[Date "2019.12.07"]
[Round "6.6"]
[White "Richardson, John R"]
[Black "Clarke, Brandon Gi"]
[Result "0-1"]
[WhiteElo "2241"]
[BlackElo "2380"]
[PlyCount "118"]
[EventDate "2019.12.08"]
[EventType "swiss"]
[EventCountry "ENG"]
[TimeControl "15+10"]
[WhiteClock "0:00:27"]
[BlackClock "0:02:26"]

1. d4 Nf6 2. c4 g6 3. g3 Bg7 4. Bg2 O-O 5. Nc3 d6 6. Nf3 Nbd7 7. O-O e5 8. e4 c6 9. h3 Qb6 10. c5 dxc5 11. dxe5 Ne8 12. e6 fxe6 13. Ng5 Ne5 14. Na4 Qb5 15. f4 Nf7 16. Nxf7 Bd4+ 17. Kh2 Rxf7 18. e5 Nc7 19. Nc3 Qa5 20. Ne4 Nd5 21. Ng5 Re7 22. h4 h6 23. Ne4 Bd7 24. Qg4 Kh7 25. Nd6 h5 26. Qg5 Rg7 27. Be4 Qa6 28. Qxh5+ Kg8 29. Qf3 Rf8 30. Kg2 Bxe5 31. Bd3 b5 32. Ne4 Bd4 33. h5 c4 34. Bb1 gxh5 35. Qxh5 Nf6 36. Nxf6+ Rxf6 37. Rh1 c5 38. Be4 Bc6 39. Qf3 Bxe4 40. Qxe4 Qb7 41. Qxb7 Rxb7 42. Rb1 e5 43. Kf3 Re7 44. Re1 e4+ 45. Rxe4 Rxe4 46. Kxe4 Re6+ 47. Kf5 Re1 48. g4 Kf7 49. g5 Rg1 50. b4 c3 51. bxc5 c2 52. Rxb5 Rxc1 53. g6+ Ke7 54. Rb7+ Kd8 55. Rb4 Rd1 56. Rxd4+ Rxd4 57. g7 Rxf4+ 58. Kg5 c1=Q 59. g8=Q+ Rf8+ 0-1

[Event "11th LCC Rapid 2019"]
[Site "London"]
[Date "2019.12.07"]
[Round "6.7"]
[White "Harakis, Alexis M"]
[Black "Stoyanov, Viktor"]
[Result "1/2-1/2"]
[WhiteElo "2267"]
[BlackElo "2272"]
[PlyCount "246"]
[EventDate "2019.12.08"]
[EventType "swiss"]
[EventCountry "ENG"]
[TimeControl "15+10"]
[WhiteClock "0:05:06"]
[BlackClock "0:00:37"]

1. d4 Nf6 2. c4 g6 3. Nc3 d5 4. cxd5 Nxd5 5. e4 Nxc3 6. bxc3 Bg7 7. Nf3 c5 8. Bb5+ Nc6 9. O-O O-O 10. Be3 Bg4 11. d5 Ne5 12. Be2 Nxf3+ 13. Bxf3 Bxf3 14. Qxf3 Rc8 15. Rab1 Qd7 16. c4 b6 17. Bg5 e6 18. Rbd1 exd5 19. cxd5 Rfe8 20. Rfe1 h6 21. Bf6 Bxf6 22. Qxf6 Qd8 23. Qc3 Qg5 24. e5 b5 25. d6 b4 26. Qh3 Rcd8 27. e6 fxe6 28. Rxe6 Qf5 29. Rxe8+ Rxe8 30. Qxh6 Qc2 31. Qc1 Qxc1 32. Rxc1 Kf7 33. d7 Rd8 34. Rxc5 Rxd7 35. Kf1 Ke6 36. Ra5 Rc7 37. Ke2 Rc2+ 38. Ke3 Rc3+ 39. Kd2 Rc7 40. g4 Rh7 41. Ke3 Rh3+ 42. Ke4 Rxh2 43. Ra6+ Kf7 44. Rxa7+ Kf6 45. f4 Rc2 46. Ra6+ Kf7 47. g5 Rc4+ 48. Ke5 Rc5+ 49. Kd4 Rc2 50. Ke5 Rc5+ 51. Kd4 Rc2 52. Kd3 Rc3+ 53. Kd2 Rc4 54. Rf6+ Kg7 55. Kd3 Rc3+ 56. Ke4 Ra3 57. Rb6 Rxa2 58. Rb7+ Kf8 59. Rxb4 Ra7 60. Ke5 Kf7 61. Rd4 Re7+ 62. Kd6 Ra7 63. Rc4 Ra6+ 64. Kd5 Ra7 65. Rc6 Ra5+ 66. Kd6 Ra7 67. Kd5 Ra5+ 68. Ke4 Ra4+ 69. Kf3 Ra3+ 70. Kg4 Ra7 71. Rf6+ Kg7 72. Kf3 Ra3+ 73. Ke4 Ra4+ 74. Kd5 Ra5+ 75. Ke6 Ra6+ 76. Ke7 Ra7+ 77. Kd8 Ra8+ 78. Kc7 Ra7+ 79. Kb6 Re7 80. Rc6 Kf7 81. Rf6+ Kg7 82. Kc6 Ra7 83. Rd6 Ra6+ 84. Kd5 Ra4 85. Rd7+ Kf8 86. Ke5 Ra5+ 87. Kf6 Ra6+ 88. Ke5 Ra5+ 89. Rd5 Ra4 90. Rd4 Ra5+ 91. Ke6 Ra6+ 92. Rd6 Ra4 93. Rd8+ Kg7 94. Rd7+ Kg8 95. Kf6 Rxf4+ 96. Kxg6 Rf8 97. Kh6 Ra8 98. Rg7+ Kh8 99. Rc7 Rb8 100. Rh7+ Kg8 101. Rg7+ Kh8 102. Rf7 Rb6+ 103. Rf6 Rb8 104. g6 Kg8 105. Rf7 Ra8 106. Rg7+ Kh8 107. Re7 Kg8 108. Re6 Rb8 109. Kg5 Ra8 110. Kf6 Rf8+ 111. Kg5 Ra8 112. Re7 Rb8 113. Kh6 Ra8 114. Re6 Rb8 115. Rf6 Ra8 116. g7 Rd8 117. Kg6 Ra8 118. Re6 Rb8 119. Kf6 Ra8 120. Rd6 Rb8 121. Ra6 Rc8 122. Ra7 Rc6+ 123. Ke5 Rg6 1/2-1/2

[Event "11th LCC Rapid 2019"]
[Site "London"]
[Date "2019.12.07"]
[Round "6.8"]
[White "Ilfeld, Etan"]
[Black "Kuzhelev, Timur"]
[Result "1-0"]
[WhiteElo "2188"]
[BlackElo "1745"]
[PlyCount "99"]
[EventDate "2019.12.08"]
[EventType "swiss"]
[EventCountry "ENG"]
[TimeControl "15+10"]
[WhiteClock "0:04:14"]
[BlackClock "0:00:27"]

1. e4 e5 2. Nf3 d5 3. exd5 e4 4. Qe2 Nf6 5. Nc3 Be7 6. Nxe4 Nxd5 7. d3 O-O 8. Bd2 Re8 9. c4 Nb4 10. O-O-O f5 11. Bxb4 Bxb4 12. Qc2 fxe4 13. dxe4 Qe7 14. Bd3 Bg4 15. a3 Bd6 16. e5 Bxe5 17. Bxh7+ Kh8 18. Rhe1 Bxf3 19. gxf3 Nc6 20. Kb1 Qf6 21. Bg6 Red8 22. Qe4 Rxd1+ 23. Rxd1 Rd8 24. Rxd8+ Qxd8 25. Qf5 Bf6 26. Qh3+ Bh4 27. Qf5 Bg5 28. Qh3+ Bh6 29. Be4 Ne7 30. c5 c6 31. Qe6 Ng8 32. Qf5 Nf6 33. Bc2 Qd7 34. Qe5 Qe8 35. Qc7 Nd7 36. Qxb7 Ne5 37. Qxa7 Nxf3 38. Qc7 Nd2+ 39. Ka2 Qe6+ 40. b3 Nf3 41. Qd6 Qe8 42. Qd3 Ng5 43. h4 Qg8 44. hxg5 Bxg5 45. Qg6 Bh6 46. a4 Bd2 47. Qxc6 Qf8 48. Qe4 Qg8 49. c6 Bh6 50. c7 1-0

[Event "11th LCC Rapid 2019"]
[Site "London"]
[Date "2019.12.07"]
[Round "6.9"]
[White "Cordes, Hans-Joerg"]
[Black "Makkar, Rajat"]
[Result "0-1"]
[WhiteElo "2207"]
[BlackElo "2137"]
[PlyCount "76"]
[EventDate "2019.12.08"]
[EventType "swiss"]
[EventCountry "ENG"]
[TimeControl "15+10"]

1. d4 d5 2. c4 c6 3. Nf3 Nf6 4. e3 Bf5 5. Bd3 Bxd3 6. Qxd3 e6 7. O-O Nbd7 8. Nc3 Bd6 9. e4 dxe4 10. Nxe4 Nxe4 11. Qxe4 O-O 12. b3 Nf6 13. Qh4 h6 14. Bb2 Kh7 15. Rad1 Qe7 16. Rfe1 Rae8 17. Rd3 Rg8 18. Ne5 Nd7 19. Qe4+ f5 20. Qe2 Nxe5 21. dxe5 Bc5 22. Rh3 Rd8 23. Bc1 Rd4 24. Qh5 Qe8 25. Qg5 Qg6 26. Qe3 Re4 27. Qc3 Rd8 28. Rg3 Rxe1+ 29. Qxe1 Qh5 30. Rf3 Qg4 31. h3 Qe4 32. Qxe4 fxe4 33. Rc3 Rd1+ 34. Kh2 Bxf2 35. Be3 Rd3 36. Rxd3 exd3 37. Bd2 Bh4 38. g4 Bg5 0-1

[Event "11th LCC Rapid 2019"]
[Site "London"]
[Date "2019.12.07"]
[Round "6.10"]
[White "Ortiz Sanchez, Luis"]
[Black "Fernandez, Michael"]
[Result "1/2-1/2"]
[WhiteElo "1947"]
[BlackElo "2186"]
[PlyCount "96"]
[EventDate "2019.12.08"]
[EventType "swiss"]
[EventCountry "ENG"]
[TimeControl "15+10"]
[WhiteClock "0:01:02"]
[BlackClock "0:05:06"]

1. e4 c5 2. Nc3 g6 3. a3 Bg7 4. Bc4 Nc6 5. d3 a6 6. Ba2 e6 7. Rb1 Nge7 8. h4 d5 9. exd5 exd5 10. h5 Nd4 11. Nce2 Bg4 12. hxg6 hxg6 13. Rxh8+ Bxh8 14. c3 Nxe2 15. Nxe2 Nc6 16. Bf4 Be5 17. Qd2 Qe7 18. Bxe5 Nxe5 19. Qe3 O-O-O 20. Kd2 d4 21. cxd4 Bxe2 22. Qxe5 Qxe5 23. dxe5 Bxd3 24. Ra1 b5 25. Ke3 c4 26. Rd1 Re8 27. f4 f6 28. Kd4 fxe5+ 29. fxe5 Kd7 30. a4 Ke6 31. Re1 Rd8+ 32. Kc5 Rd5+ 33. Kc6 bxa4 34. Re3 Bf1 35. Rg3 Rd2 36. Kc5 Kxe5 37. Re3+ Kf4 38. Rf3+ Ke5 39. Rxf1 Rxb2 40. Bxc4 Rxg2 41. Bxa6 Rg4 42. Ra1 g5 43. Bc4 Re4 44. Rxa4 Kf4 45. Ra8 g4 46. Bd5 Re2 47. Rf8+ Ke3 48. Re8+ Kf2 1/2-1/2

[Event "11th LCC Rapid 2019"]
[Site "London"]
[Date "2019.12.07"]
[Round "6.11"]
[White "Watson, Jacob"]
[Black "Abrahams, Daniel"]
[Result "0-1"]
[WhiteElo "1922"]
[BlackElo "2176"]
[PlyCount "60"]
[EventDate "2019.12.08"]
[EventType "swiss"]
[EventCountry "ENG"]
[TimeControl "15+10"]
[WhiteClock "0:15:21"]
[BlackClock "0:03:14"]

1. d4 Nf6 2. Nf3 e6 3. Bf4 c5 4. c3 b6 5. e3 Bb7 6. Nbd2 cxd4 7. cxd4 Nc6 8. Be2 d6 9. O-O Be7 10. h3 O-O 11. Re1 Re8 12. Bf1 Bf8 13. e4 e5 14. dxe5 Nxe5 15. Nxe5 dxe5 16. Bg3 Qd4 17. Nf3 Qxb2 18. Re2 Qc3 19. Rc2 Qa5 20. Rc7 Bxe4 21. Bc4 Bd5 22. Bxe5 Bxc4 23. Bxf6 b5 24. Rc6 gxf6 25. Nh4 Rad8 26. Qg4+ Kh8 27. Nf5 Re1+ 28. Rxe1 Qxe1+ 29. Kh2 Be6 30. f4 Qe4 0-1

[Event "11th LCC Rapid 2019"]
[Site "London"]
[Date "2019.12.07"]
[Round "6.12"]
[White "Marusenko, Petr"]
[Black "O'Gorman, Tom"]
[Result "1/2-1/2"]
[WhiteElo "2085"]
[BlackElo "2001"]
[PlyCount "152"]
[EventDate "2019.12.08"]
[EventType "swiss"]
[EventCountry "ENG"]
[TimeControl "15+10"]
[WhiteClock "0:02:34"]
[BlackClock "0:01:58"]

1. d4 Nf6 2. c4 c5 3. d5 b5 4. cxb5 a6 5. bxa6 g6 6. g3 Bg7 7. Bg2 d6 8. Nc3 O-O 9. Nf3 Nbd7 10. O-O Nb6 11. Rb1 Bf5 12. Ra1 Rxa6 13. Nd2 Qa8 14. e4 Bg4 15. Bf3 Bxf3 16. Qxf3 Nfd7 17. Ndb1 e6 18. dxe6 fxe6 19. Qg4 Qe8 20. Rd1 Qe7 21. Bg5 Bf6 22. Bxf6 Qxf6 23. Qe2 Na4 24. Nxa4 Rxa4 25. Nc3 Rd4 26. Nb5 Rb4 27. Rd2 Ne5 28. f4 Nc4 29. Rc2 Rxb5 30. Qxc4 Rb4 31. Qc3 Qxc3 32. bxc3 Rxe4 33. a4 Ra8 34. a5 e5 35. fxe5 Rxe5 36. a6 Re7 37. Rb2 Kf7 38. Rb6 Rd7 39. c4 Ke7 40. Re1+ Kd8 41. Rc6 d5 42. Rf1 Raa7 43. Rf8+ Ke7 44. Rh8 dxc4 45. Rxh7+ Kd8 46. Rh8+ Ke7 47. Rhc8 Rd6 48. R6c7+ Rxc7 49. Rxc7+ Ke6 50. a7 Rd8 51. Rxc5 Ra8 52. Rxc4 Rxa7 53. Rc2 Kf5 54. Kg2 Ra3 55. h4 Kg4 56. Rc4+ Kh5 57. Rc5+ Kh6 58. Kh3 Rb3 59. Rc6 Ra3 60. Kg2 Ra2+ 61. Kf3 Ra3+ 62. Kf4 Ra4+ 63. Kf3 Ra3+ 64. Kg4 Ra4+ 65. Kh3 Ra3 66. Rc8 Rb3 67. Rc5 Ra3 68. Rb5 Rc3 69. Kg2 Ra3 70. Rb4 Ra2+ 71. Kf3 Ra3+ 72. Kg4 Ra1 73. Kf4 Ra2 74. g4 Ra3 75. g5+ Kh5 76. Ke5 Rf3 1/2-1/2

[Event "11th LCC Rapid 2019"]
[Site "London"]
[Date "2019.12.07"]
[Round "6.14"]
[White "Akeya-Price, Robert"]
[Black "Mihalik, Agoston"]
[Result "1/2-1/2"]
[WhiteElo "1880"]
[BlackElo "2196"]
[PlyCount "107"]
[EventDate "2019.12.08"]
[EventType "swiss"]
[EventCountry "ENG"]
[TimeControl "15+10"]

1. d4 Nf6 2. c4 e6 3. Nf3 Bb4+ 4. Bd2 c5 5. Bxb4 cxb4 6. e3 b6 7. Be2 Bb7 8. O-O O-O 9. a3 bxa3 10. Rxa3 a5 11. Nc3 d5 12. b3 Na6 13. Qa1 Nb4 14. Qb2 Qe7 15. Rfa1 Rfc8 16. Na4 Nd7 17. Nc3 h6 18. h3 f5 19. Na2 Rf8 20. Nxb4 Qxb4 21. Ra4 Qd6 22. Qa3 Qxa3 23. R4xa3 Rfc8 24. Nd2 Nf6 25. Nf3 Rc7 26. c5 bxc5 27. Rxa5 Rxa5 28. Rxa5 c4 29. bxc4 dxc4 30. Rc5 Rxc5 31. dxc5 c3 32. Nd4 Ne4 33. Bd1 Nxc5 34. Nb5 Bc6 35. Nxc3 Kf7 36. f3 Kf6 37. Kf2 Nd3+ 38. Ke2 Ne5 39. Kf2 g6 40. Bc2 g5 41. f4 Nc4 42. Bd3 Nd6 43. g4 Nf7 44. Kg3 gxf4+ 45. exf4 Nd6 46. Bc2 Nc4 47. Bd3 Ne3 48. Ne2 Nf1+ 49. Kf2 Nd2 50. Nd4 Ne4+ 51. Ke3 Bd5 52. Bxe4 Bxe4 53. Ne2 Bg2 54. Ng1 1/2-1/2

[Event "11th LCC Rapid 2019"]
[Site "London"]
[Date "2019.12.07"]
[Round "6.16"]
[White "Stewart, Ashley"]
[Black "Tombolis, Christopher"]
[Result "1-0"]
[WhiteElo "2172"]
[BlackElo "1875"]
[PlyCount "279"]
[EventDate "2019.12.08"]
[EventType "swiss"]
[EventCountry "ENG"]
[TimeControl "15+10"]
[WhiteClock "0:01:15"]
[BlackClock "0:00:32"]

1. c4 Nf6 2. g3 e6 3. Bg2 d5 4. Nf3 Be7 5. d4 O-O 6. Qc2 a6 7. Nbd2 dxc4 8. Nxc4 c5 9. dxc5 Qc7 10. Nb6 Bxc5 11. Nxa8 Bxf2+ 12. Kd1 Rd8+ 13. Bd2 Qd6 14. Qc7 Qf8 15. Qxb8 Bd7 16. Qf4 Nd5 17. Qe4 Bc6 18. Qd3 Ne3+ 19. Bxe3 Rxd3+ 20. exd3 Bxe3 21. Ke2 Bc5 22. Rac1 Bd6 23. Nb6 Bc5 24. Nc4 b5 25. Nce5 Bxf3+ 26. Bxf3 Bd4 27. Nc6 Bf6 28. Na7 Bd8 29. Rc8 g6 30. Nc6 Qc5 31. Rxd8+ Kg7 32. Rd1 g5 33. b3 g4 34. Bg2 Qc2+ 35. Rd2 Qc5 36. d4 Qc1 37. Ne5 Qg1 38. Kd3 Qxh2 39. Rd7 Qxg3+ 40. Kc2 h5 41. Rxf7+ Kh6 42. Be4 b4 43. Bd3 a5 44. Rdf2 Kg5 45. Rg7+ Kh4 46. Ng6+ Kg5 47. Ne5+ Kh4 48. Rgf7 a4 49. bxa4 b3+ 50. axb3 Qe3 51. Rf1 Qxd4 52. Rh1+ Kg3 53. Rxh5 Qc5+ 54. Bc4 Qa3 55. Rhh7 Qa2+ 56. Kd3 Qb1+ 57. Ke3 Qc1+ 58. Ke4 Qe1+ 59. Kd4 Qa1+ 60. Ke4 Qe1+ 61. Kd4 Qa1+ 62. Kd3 Qxe5 63. Re7 Qf5+ 64. Kc3 e5 65. Rhg7 e4 66. Ref7 Qa5+ 67. Kd4 Qb6+ 68. Kxe4 Qc6+ 69. Kd4 Qd6+ 70. Bd5 Qb4+ 71. Ke5 Qc3+ 72. Kd6 Qb4+ 73. Kc6 Qc3+ 74. Bc4 Qd4 75. a5 Qe4+ 76. Kb5 Qe5+ 77. Kb6 Qd6+ 78. Kb7 Qb4+ 79. Ka6 Qd6+ 80. Kb5 Qe5+ 81. Kb4 Qe1+ 82. Ka4 Qa1+ 83. Kb5 Qe5+ 84. Kc6 Qxa5 85. Be6 Qa6+ 86. Kd7 Qb7+ 87. Ke8 Qb8+ 88. Ke7 Qb4+ 89. Kf6 Qd4+ 90. Kg6 Kh2 91. Rh7+ Kg3 92. Rh5 Qd3+ 93. Kg7 Qd4+ 94. Rf6 Qa7+ 95. Kg6 Qa8 96. Rg5 Qe8+ 97. Kf5 Qb5+ 98. Kg6 Qe8+ 99. Bf7 Qe4+ 100. Kg7 Qe7 101. Rfg6 Kh2 102. Rxg4 Qe5+ 103. Rf6 Kh3 104. Rg1 Kh2 105. Rgg6 Kh1 106. Kf8 Qb8+ 107. Be8 Qb4+ 108. Kg8 Qxb3+ 109. Bf7 Qb8+ 110. Kg7 Qe5 111. Rg4 Kh2 112. Be6 Qc7+ 113. Kg6 Qe5 114. Kg7 Qc7+ 115. Bf7 Qe5 116. Kg6 Kh3 117. Be6 Kh2 118. Kf7 Qc7+ 119. Ke8 Qb8+ 120. Ke7 Qc7+ 121. Bd7 Qe5+ 122. Re6 Qc5+ 123. Kd8 Qf8+ 124. Re8 Qf6+ 125. Kc7 Qc3+ 126. Kb6 Qb2+ 127. Kc7 Qc3+ 128. Bc6 Qa5+ 129. Kb7 Qc3 130. Ree4 Qb3+ 131. Kc7 Qf7+ 132. Kd6 Qf6+ 133. Kc5 Qc3+ 134. Kb6 Qe3+ 135. Kc7 Qa7+ 136. Kd6 Qb8+ 137. Kd5 Qd8+ 138. Kc4 Kh3 139. Rg7 Qd2 140. Bd7+ 1-0

[Event "11th LCC Rapid 2019"]
[Site "London"]
[Date "2019.12.07"]
[Round "6.17"]
[White "Onslow, Teddy"]
[Black "Myall, Ivan J"]
[Result "0-1"]
[WhiteElo "1746"]
[BlackElo "1994"]
[PlyCount "68"]
[EventDate "2019.12.08"]
[EventType "swiss"]
[EventCountry "ENG"]
[TimeControl "15+10"]
[WhiteClock "0:04:33"]
[BlackClock "0:09:44"]

1. d4 Nf6 2. Bf4 c5 3. c3 cxd4 4. cxd4 Nc6 5. e3 Qb6 6. Qc2 Nb4 7. Qd2 Ne4 8. Qd1 Nd5 9. Nd2 Nxd2 10. Qxd2 e5 11. a3 exf4 12. exf4 Bd6 13. g3 O-O 14. Nf3 Re8+ 15. Be2 Nf6 16. O-O Ne4 17. Qc2 Bf8 18. Bc4 d6 19. b4 Bg4 20. Nh4 Qxd4 21. Qb3 Be6 22. Bxe6 Rxe6 23. Rad1 Qc3 24. Qd5 Qc6 25. Qd3 Nc3 26. Rd2 Rae8 27. Nf3 Ne2+ 28. Kh1 Nc1 29. Rxc1 Qxc1+ 30. Kg2 Qc6 31. h4 Qe4 32. Qc3 d5 33. Kh2 Qc4 34. Qb2 Re2 0-1

[Event "11th LCC Rapid 2019"]
[Site "London"]
[Date "2019.12.07"]
[Round "6.18"]
[White "Jezierski, Colum"]
[Black "Kerr, Duncan"]
[Result "1-0"]
[WhiteElo "1908"]
[BlackElo "1902"]
[PlyCount "110"]
[EventDate "2019.12.08"]
[EventType "swiss"]
[EventCountry "ENG"]
[TimeControl "15+10"]
[BlackClock "0:03:29"]

1. e4 e5 2. Nf3 Nc6 3. Bb5 a6 4. Ba4 Nf6 5. d3 d6 6. c3 g6 7. h3 Bg7 8. O-O O-O 9. Re1 b5 10. Bb3 Bb7 11. Nbd2 Nb8 12. Nf1 Nbd7 13. Be3 c5 14. Ng3 d5 15. exd5 Nxd5 16. Bg5 Qc7 17. Qd2 Nf4 18. Ne4 h6 19. Bxf4 exf4 20. Rad1 Rfe8 21. Nh4 c4 22. dxc4 Ne5 23. Nd6 Red8 24. cxb5 axb5 25. Nxb5 Qe7 26. Qxf4 Qg5 27. Qxg5 hxg5 28. Nd6 Bc6 29. Nxg6 Nxg6 30. Bxf7+ Kh7 31. Bb3 Nf4 32. Bc2+ Kh6 33. Nf7+ Kh5 34. Nxd8 Bxg2 35. Ne6 Nxe6 36. Rxe6 Bxh3 37. Rd7 Bxe6 38. Rxg7 Rxa2 39. Re7 Bd5 40. Bd1+ Kh6 41. Rd7 Be4 42. Rd6+ Kg7 43. Kh2 Rxb2 44. Kg3 Rb1 45. c4 Rc1 46. Rd4 Ba8 47. Kg4 Kf6 48. Rd6+ Ke5 49. Rd8 Rxc4+ 50. Kxg5 Bb7 51. f4+ Ke4 52. Re8+ Kd4 53. f5 Rc1 54. Rd8+ Ke5 55. Re8+ Kd6 1-0

[Event "11th LCC Rapid 2019"]
[Site "London"]
[Date "2019.12.07"]
[Round "6.19"]
[White "Nayak, Raghav"]
[Black "Salem, Ihab"]
[Result "1-0"]
[WhiteElo "1914"]
[BlackElo "2071"]
[PlyCount "83"]
[EventDate "2019.12.08"]
[EventType "swiss"]
[EventCountry "ENG"]
[TimeControl "15+10"]
[WhiteClock "0:02:06"]
[BlackClock "0:00:41"]

1. e4 e5 2. f4 d5 3. exd5 exf4 4. Nf3 Nf6 5. Bc4 Nxd5 6. O-O Be7 7. Bb3 Nc6 8. c4 Nf6 9. d4 Bg4 10. d5 Ne5 11. Bxf4 Nxf3+ 12. gxf3 Bh3 13. Ba4+ Kf8 14. Re1 Nh5 15. Be3 Qd6 16. Kh1 Bf6 17. Nc3 Be5 18. Ne4 Qd8 19. Ng5 Bf5 20. Bc5+ Kg8 21. Rxe5 Qxg5 22. Qe2 h6 23. Bc2 Nf4 24. Qf2 Nh3 25. Qe2 Nf4 26. Qd2 Nd3 27. Qxg5 hxg5 28. Rxf5 Nxc5 29. Rxg5 Re8 30. Rag1 g6 31. b4 Re2 32. R5g2 Rxg2 33. Kxg2 Nd7 34. Re1 Kg7 35. Re7 Rd8 36. Ba4 Nb6 37. Bb3 Nd7 38. c5 Nf6 39. d6 Rf8 40. dxc7 Ng8 41. Rd7 Nf6 42. Rd8 1-0

[Event "11th LCC Rapid 2019"]
[Site "London"]
[Date "2019.12.07"]
[Round "6.20"]
[White "Phillips, David A"]
[Black "Rahman, Asad"]
[Result "1/2-1/2"]
[WhiteElo "2055"]
[BlackElo "2200"]
[PlyCount "87"]
[EventDate "2019.12.08"]
[EventType "swiss"]
[EventCountry "ENG"]
[TimeControl "15+10"]
[WhiteClock "0:01:51"]
[BlackClock "0:00:36"]

1. e4 c6 2. d4 d5 3. Nc3 dxe4 4. Nxe4 g6 5. Nf3 Bg7 6. Bc4 Nf6 7. Neg5 O-O 8. Ne5 Nd5 9. Ngf3 Nd7 10. Nxd7 Bxd7 11. O-O Bg4 12. c3 Qc7 13. h3 Bf5 14. Re1 Rae8 15. Ne5 f6 16. Ng4 Bxg4 17. Qxg4 e5 18. dxe5 fxe5 19. Be3 Kh8 20. Rad1 Nxe3 21. Rxe3 Rf4 22. Qe2 Ref8 23. f3 Qb6 24. Bd3 e4 25. Bxe4 Rxe4 26. fxe4 Bh6 27. Re1 Bxe3+ 28. Qxe3 Qxb2 29. Qd4+ Kg8 30. Qc4+ Kg7 31. Qd4+ Kh6 32. Qe3+ g5 33. Qg3 Qb6+ 34. Kh2 Qf2 35. Qd6+ Rf6 36. Qd1 Qf4+ 37. Kh1 Rd6 38. Qe2 Rd2 39. Qc4 Qg3 40. Qe6+ Kh5 41. Qf7+ Kh6 42. Qf6+ Kh5 43. Qf7+ Kh6 44. Qf6+ 1/2-1/2